 Dungeon Crawl Stone Soup version 0.32-a0-953-g508020473e (webtiles) character file.

Game seed: 8417867605154939383

3271 Esekla the Cutter (level 9, 0/97 (102) HPs)
             Began as a Demonspawn Wanderer on Apr 17, 2024.
             Was a Believer of Ashenzari.
             Slain by a wight
             ... wielding a +4 dire flail of freezing
              (2 damage)
             ... on level 7 of the Dungeon.
             The game lasted 00:39:40 (7876 turns).

Esekla the Cutter (Demonspawn Wanderer)             Turns: 7876, Time: 00:39:41

HP:   0/97 (102)    AC: 31    Str: 12    XL:     9   Next: 68%
MP:   14/17         EV:  2    Int: 16    God:    Ashenzari [**....]
Gold: 421           SH:  0    Dex: 14    Spells: 8/19 levels left

rFire   . . .        a - +3 dagger "Molekher" {protect, rN+}
rCold   . . .        (no shield)
rNeg    + . .        H - melded +3 leather armour {rF+}
rPois   +            u - melded +0 helmet
rElec   .            (cloak currently unavailable)
rCorr   .            x - melded +0 pair of gloves
SInv    +            d - melded +0 pair of boots of the Perceptive Comet {Sorc, Bglg} (curse)
Will    .....        L - amulet "Eternal Omen" {Acrobat, Melee, Sorc} (curse)
Stlth   +++          e - ring "Shattered Visionary" {EV+5, Bglg, Self} (curse)
HPRegen 0.36/turn    (no ring)
MPRegen 0.15/turn

%: acrobat
@: tree-form, under a protective aura, very slightly contaminated, lightly
drained
A: stationary, stasis, torment immunity, boosted hp, foul stench 3, powered by
pain 1, (weakness stinger 2)
a: Renounce Religion, Shatter the Chains


You were on level 7 of the Dungeon.
You worshipped Ashenzari.
Ashenzari was pleased with you.
You were a tree.
You visited 2 branches of the dungeon, and saw 8 of its levels.
You also visited: Sewer and Ossuary.

You collected 421 gold pieces.

Inventory:

Hand Weapons
 a - the +3 dagger "Molekher" (weapon) {protect, rN+}
   (You found it on level 2 of the Dungeon)

   rN+:       It protects you from negative energy.
 r - a +0 spear
Missiles
 h - 5 poisoned darts
 l - 3 boomerangs (quivered)
 t - 3 curare-tipped darts
 O - 5 javelins
Armour
 d - the cursed +0 pair of boots of the Perceptive Comet (melded) {Sorc, Bglg}

   It has a curse which improves the following skills: Sorcery: Conjurations and
   Alchemy.
   Beguiling: Hexes and Translocations.
 u - a +0 helmet (melded)
 x - a +0 pair of gloves (melded)
 A - a +2 robe of cold resistance
 H - a +3 leather armour of fire resistance (melded)
Magical Staves
 y - a staff of fire
Jewellery
 e - the cursed ring "Shattered Visionary" (left branch) {EV+5, Bglg, Self}
   (You found it on level 1 of the Dungeon)

   [ring of evasion]

   EV+5:      It affects your evasion (+5).
   It has a curse which improves the following skills: Beguiling: Hexes and
   Translocations.
   Introspection: Fighting and Spellcasting.
 L - the cursed amulet "Eternal Omen" (around neck) {Acrobat, Melee, Sorc}
   (You found it on level 6 of the Dungeon)

   [amulet of the acrobat]

   Acrobat:   It increases your evasion while moving and waiting.
   It has a curse which improves the following skills: Melee Combat: Short
   Blades, Long Blades, Axes, Maces & Flails, Polearms, Staves and Unarmed
   Combat.
   Sorcery:   Conjurations and Alchemy.
Wands
 F - a wand of paralysis (15)
 I - a wand of acid (6)
 M - a wand of flame (34)
 P - a wand of mindburst (8)
Scrolls
 b - a scroll of fear
 c - a scroll of enchant weapon
 g - 2 scrolls of vulnerability
 i - 2 scrolls of immolation
 j - 2 scrolls of blinking
 k - 2 scrolls of fog
 p - 5 scrolls of poison
 q - 4 scrolls of teleportation
 s - a scroll of revelation
 w - 2 scrolls of enchant armour
 G - a scroll of acquirement
 J - a scroll of brand weapon
 K - a scroll of noise
Potions
 f - 4 potions of berserk rage
 m - a potion of mutation
 n - 2 potions of cancellation
 o - a potion of magic
 v - 2 potions of invisibility
 z - a potion of brilliance
 B - a potion of ambrosia
 C - a potion of resistance
 D - 3 potions of haste
 E - a potion of might


   Skills:
 * Level 4.3(5.4) Fighting
 + Level 5.0(6.1) Short Blades
 + Level 3.4 Throwing
 * Level 2.5 Armour
 + Level 3.9 Dodging
 + Level 4.7 Stealth
 * Level 4.8(5.9) Spellcasting
 + Level 4.2(5.3) Conjurations
 * Level 1.9 Fire Magic
 * Level 4.4 Air Magic
 + Level 2.5(3.4) Alchemy


You had 8 spell levels left.
You knew the following spells:

 Your Spells              Type           Power      Damage    Failure   Level
c - Mephitic Cloud        Conj/Alch/Air  18%        N/A       7%          3
k - Airstrike             Air            9%         2d(2-18)  22%         4
y - Sticky Flame          Fire/Alch      13%        2d5       41%         4

Your spell library contained the following spells:

 Spells                   Type           Power      Damage    Failure   Level
 Shock                    Conj/Air       80%        1d8       1%          1
 Sting                    Conj/Alch      72%        1d7       2%          1
 Swiftness                Air            19%        N/A       7%          3
 Lesser Beckoning         Tloc           10%        N/A       21%         2
 Inner Flame              Hex/Fire       8%         N/A       26%         3
 Flame Wave               Conj/Fire      16%        2d7       30%         4
 Maxwell's Portable Pile  Tloc           5%         2d(5-15)  36%         3
 Teleport Other           Tloc           5%         N/A       36%         3


Dungeon Overview and Level Annotations

Branches:
Dungeon (7/15)             Temple (1/1) D:5           Sewer (visited)
Ossuary (visited)

Altars:
Ashenzari
Fedhas
Gozag
Hepliaklqana
Nemelex Xobeh
Qazlal
Ru
Sif Muna
Trog
Uskayaw
Vehumet
Wu Jian
Beogh

Annotations:
D:1 2 runed translucent doors
D:7 5 runed translucent doors, RockinRobin's ghost, novice DsCK


Innate Abilities, Weirdness & Mutations

You are a tree.
Your roots penetrate the ground, keeping you stationary.
You cannot be teleported.
You are immune to unholy pain and torment.
Your maximum health is greatly increased.
Your equipment is partially melded.
You frequently emit foul miasma when damaged in melee.
You sometimes gain a little power by taking damage.
((You have a tail ending in a sharp stinger.))


Message History

The wight freezes you.
* * * LOW HITPOINT WARNING * * *
You hit the wight but do no damage.
You feel sick.
You turn into a tree.
Your +0 helmet melds into your body.
Your +0 pair of gloves melds into your body.
The cursed +0 pair of boots of the Perceptive Comet {Sorc, Bglg} melds into your body.
Your +3 leather armour of fire resistance melds into your body.
You feel less resistant to fire.
Your roots penetrate the ground.
You feel sick. The wight completely misses you.
You hit the wight but do no damage.
You feel sick. The wight hits you but does no damage.
You hit the wight but do no damage.
You feel sick. The wight hits you but does no damage.
You hit the wight.
The wight is moderately damaged.
You feel sick.
You hit the wight.
The wight is moderately damaged.
The wight hits you but does no damage.
You hit the wight but do no damage.
The wight is moderately damaged.
You feel sick.
The wight hits you with a +4 dire flail of freezing.
* * * LOW HITPOINT WARNING * * *
The wight freezes you.
* * * LOW HITPOINT WARNING * * *
You hit the wight.
The wight is heavily damaged.
You feel sick.
You are no longer poisoned.
You hit the wight.
The wight is heavily damaged.
The wight hits you with a +4 dire flail of freezing.
* * * LOW HITPOINT WARNING * * *
You partially resist.
You feel drained. The wight freezes you.
* * * LOW HITPOINT WARNING * * *
You hit the wight but do no damage.
The wight is heavily damaged.
The wight hits you with a +4 dire flail of freezing.
You die...

######...##...####..##....
##...##...####z.##..##
#....#....#.....##..#
#....#....#........♣♣
##...##...#........♣
##...########...###♣
#....##...###...##(♣♣...
#.....#....#............
#.....#...♣z....†.......
########################


You could see a wight.

Vanquished Creatures
  A hornet (D:6)
  Eustachio (D:4)
  A water moccasin (D:5)
  2 black bears
  An ice beast (D:7)
  An ogre (D:6)
  2 centaurs
  A phantom (D:5)
  3 bullfrogs
  3 scorpions
  2 wights (D:7)
  6 killer bees (D:4)
  4 bombardier beetles
  4 bullfrog zombies (Ossuary)
  2 gnoll boudas
  2 jellies (D:6)
  2 orc priests (D:5)
  2 hounds
  10 mummies (Ossuary)
  Ijyb (D:4)
  A sleepcap (D:6)
  3 iguanas
  4 orc wizards
  4 crocodile zombies (Ossuary)
  3 hound zombies (Ossuary)
  6 howler monkey zombies (Ossuary)
  15 gnolls
  4 adders
  2 river rats (D:3)
  A shadow imp (D:6)
  A white imp (D:6)
  6 ufetubi (D:6)
  9 dart slugs
  10 orcs
  12 ball pythons
  15 endoplasms
  14 giant cockroaches
  10 hobgoblins
  5 jackals
  3 quokkas
  3 ball python zombies (Ossuary)
  2 bats
  11 frilled lizards
  2 goblins
  5 kobolds
  6 rats
208 creatures vanquished.

Vanquished Creatures (others)
  A giant cockroach (Sewer)
1 creature vanquished.

Grand Total: 209 creatures vanquished

Notes
Turn   | Place    | Note
-------+----------+-------------------------------------------
     0 | D:1      | Esekla the Demonspawn Wanderer began the quest for the Orb.
     0 | D:1      | Esekla set off with the following items: a +0 dagger, a
                  | scroll of fear, a +0 robe, a +0 pair of boots; and the
                  | following spells available to memorise: Sting, Shock,
                  | Swiftness, Mephitic Cloud, Airstrike.
     0 | D:1      | Reached XP level 1. HP: 13/13 MP: 3/3
    60 | D:1      | Found a large runed translucent door.
    60 | D:1      | Found a large runed translucent door.
    60 | D:1      | Found a roughly hewn altar of Beogh.
    60 | D:1      | Noticed an orc priest
    60 | D:1      | Noticed an orc wizard
    97 | D:1      | Noticed an orc warrior
   345 | D:1      | Gained mutation: You may rarely emit foul miasma when
                  | damaged in melee. [demonic ancestry]
   345 | D:1      | Reached XP level 2. HP: 19/19 MP: 5/5
  1344 | D:2      | Identified the +3 dagger "Molekher" {protect, rN+}
  1925 | D:2      | Reached XP level 3. HP: 25/25 MP: 6/6
  1929 | D:2      | Learned a level 3 spell: Mephitic Cloud
  1959 | D:2      | Reached skill level 1 in Fighting
  2636 | D:3      | Reached skill level 1 in Short Blades
  2704 | D:3      | Gained mutation: You have a small tail. [demonic ancestry]
  2704 | D:3      | Reached XP level 4. HP: 25/32 MP: 2/7
  2710 | D:3      | Found a glowing drain.
  2730 | Sewer    | Entered a sewer
  2843 | Sewer    | Reached skill level 1 in Dodging
  2909 | Sewer    | Reached skill level 1 in Conjurations
  3044 | Sewer    | Noticed a bullfrog
  3044 | Sewer    | Noticed a bullfrog
  3054 | Sewer    | Killed a bullfrog
  3055 | Sewer    | Gained mutation: You have a tail ending in a sharp stinger.
                  | [demonic ancestry]
  3055 | Sewer    | Reached XP level 5. HP: 29/37 MP: 4/8
  3057 | Sewer    | Reached skill level 2 in Short Blades
  3062 | Sewer    | Gained mutation: You sometimes emit foul miasma when
                  | damaged in melee. [demonic ancestry]
  3062 | Sewer    | Reached XP level 6. HP: 36/44 MP: 5/10
  3615 | D:4      | Found a broken altar of Ashenzari.
  3627 | D:4      | Became a worshipper of Ashenzari the Shackled
  3712 | D:4      | Noticed Eustachio
  3736 | D:4      | Found a sand-covered staircase.
  3749 | D:4      | Learned a level 4 spell: Airstrike
  3750 | Ossuary  | Entered an ossuary
  3860 | Ossuary  | Gained mutation: You frequently emit foul miasma when
                  | damaged in melee. [demonic ancestry]
  3860 | Ossuary  | Reached XP level 7. HP: 46/50 MP: 11/11
  4022 | Ossuary  | Reached skill level 3 in Short Blades
  4498 | D:4      | Found a blossoming altar of Fedhas.
  4515 | D:4      | Killed Eustachio
  4516 | D:4      | Reached XP level 8. HP: 57/57 MP: 7/13
  4622 | D:4      | Reached skill level 4 in Short Blades
  4838 | D:4      | Noticed Ijyb
  4861 | D:4      | Killed Ijyb
  5067 | D:4      | Reached skill level 1 in Armour
  5144 | D:5      | Entered Level 5 of the Dungeon
  5700 | D:5      | Found a staircase to the Ecumenical Temple.
  5707 | Temple   | Entered the Ecumenical Temple
  5852 | D:5      | Gained mutation: You sometimes gain a little power by
                  | taking damage. [demonic ancestry]
  5852 | D:5      | Reached XP level 9. HP: 51/64 MP: 15/15
  6026 | D:5      | Reached * piety under Ashenzari
  6026 | D:5      | Identified a scroll of acquirement
  6768 | D:6      | Identified the +1 whip of the Equator {speed, +Blink rF-
                  | rC+ Dex+3}
  6886 | D:6      | Learned a level 4 spell: Sticky Flame
  6940 | D:6      | Reached skill level 1 in Fire Magic
  6966 | D:6      | Reached skill level 5 in Short Blades
  7069 | D:6      | Found a sacrificial altar of Ru.
  7343 | D:6      | Reached ** piety under Ashenzari
  7575 | D:7      | Found a large runed translucent door.
  7575 | D:7      | Found a large runed translucent door.
  7578 | D:7      | Identified the +7 hand axe "Haeheem" {heavy, *Corrode rC+
                  | Dex+4}
  7741 | D:7      | Found a runed translucent gate.
  7741 | D:7      | Found a runed translucent gate.
  7741 | D:7      | Found a runed translucent gate.
  7741 | D:7      | Noticed RockinRobin's ghost (novice DsCK)
  7875 | D:7      | HP: 3/99 [wight/+4 dire flail of freezing (4)]
  7876 | D:7      | Slain by a wight

Illustrated notes

Levels and vault maps discovered:
D:1:      erik_arrival_cave_to_civilisation [erik_arrival_cave_to_temple],
          layout_basic
D:2:      layout_basic
D:3:      layout_loops_ring, gup_sewer_entry_bowl
D:4:      layout_basic, nicolae_overflow_crystal_walls,
          mainiacjoe_overflow_24_doors, mainiacjoe_ossuary_entry_dusty_tomb,
          uniq_eustachio, uniq_ijyb
D:5:      layout_loops_corners, temple_green
D:6:      layout_basic, zin_scriptorium, nicolae_ru_the_path_less_chosen,
          lemuel_crystal_altar, serial_rivers, chequers_serial_rivers_small_b,
          chequers_serial_rivers_micro_e, chequers_serial_rivers_small_a,
          chequers_serial_rivers_marsh, chequers_serial_rivers_micro_c
D:7:      layout_gridville, mainiacjoe_overflow_alcove_1, gammafunk_ghost_split,
          minmay_hollow_rounded_squares
Temple:   chequers_temple_sunken

Skill      XL: |  1  2  3  4  5  6  7  8  9 |
---------------+----------------------------+-----
Throwing       | 2 3 |  3.4
Air Magic      | 2 3 4 |  4.4
Stealth        | 2 3 4 |  4.7
Fighting       | 1 2 3 4 |  4.3
Short Blades   | 1 2 3 4 5 |  5.0
Dodging        | 1 2 3 |  3.9
Conjurations   | 1 2 4 |  4.2
Spellcasting   | 3 4 |  4.8
Armour         | 1 2 |  2.5
Fire Magic     | 1 |  1.9
Alchemy        | |  2.5

Action                     |  1- 3 |  4- 6 |  7- 9 || total
---------------------------+-------+-------+-------++-------
  Melee: Dagger            |   231 |   199 |   619 ||  1049
         Tailslap          |       |    30 |   106 ||   136
  Throw: Dart              |     1 |     4 |    32 ||    37
         Boomerang         |       |     1 |    17 ||    18
   Cast: Mephitic Cloud    |     1 |     1 |    20 ||    22
 Invoke: Curse Item        |       |       |     3 ||     3
    Use: Potion            |     1 |     1 |     4 ||     6
         Scroll            |       |     5 |     7 ||    12
   Stab: Sleeping          |     5 |     3 |     6 ||    14
         Confused          |       |     2 |    18 ||    20
 Armour: Robe              |    72 |    76 |    50 ||   198
         Leather armour    |       |       |   153 ||   153
         Skin              |       |       |     6 ||     6
  Dodge: Dodged            |   188 |   172 |   413 ||   773

Table legend: (Time is in decaauts)
 A = Elapsed time spent in this place.
 B = Non-inter-level travel time spent in this place.
 C = Inter-level travel time spent in this place.
 D = Time resting spent in this place.
 E = Time spent auto-exploring this place.
 F = Levels seen in this place.
 G = Mean time per level.
                   A        B        C        D        E       F      G
               +--------+--------+--------+--------+--------+-----+--------+
         Total |   7834 |   7558 |    276 |    719 |   3240 |  10 |  783.4 |
       Dungeon |   6684 |   6408 |    276 |    513 |   3127 |   7 |  954.9 |
        Temple |      1 |      1 |      0 |      0 |      0 |   1 |    1.0 |
         Sewer |    446 |    446 |      0 |     28 |      6 |   1 |  446.0 |
       Ossuary |    701 |    701 |      0 |    178 |    106 |   1 |  701.0 |
               +--------+--------+--------+--------+--------+-----+--------+

Top non-repeatable levels by time:
     D:5: 1402 daAuts
     D:2: 1195 daAuts
     D:1: 1155 daAuts
     D:6: 951 daAuts
     D:3: 881 daAuts
     D:4: 802 daAuts
 Ossuary: 701 daAuts
   Sewer: 446 daAuts
     D:7: 295 daAuts
  Temple: 1 daAuts
